 Dungeon Crawl Stone Soup version 0.32-a0-18-g89e19f1974 (webtiles) character file.

Game seed: 17965911900182392514

155 oldmanjim the Magician (level 5, -1/38 HPs)
             Began as a Djinni Conjurer on Jan 16, 2024.
             Slain by a black bear (4 damage)
             ... on level 4 of the Dungeon.
             The game lasted 00:14:59 (2467 turns).

oldmanjim the Magician (Djinni Conjurer)            Turns: 2467, Time: 00:15:00

Health: -1/38      AC:  2    Str:  6    XL:     5   Next: 63%
Gold:   133        EV: 12    Int: 21    God:
                   SH:  0    Dex: 12

rFire   + + .        (no weapon)
rCold   . . .        (no shield)
rNeg    . . .        n - +0 robe {Will+}
rPois   ∞            (no helmet)
rElec   .            (no cloak)
rCorr   .            (no gloves)
SInv    .            (boots unavailable)
Will    ++...        (no amulet)
Stlth   ++           b - ring of protection from cold
HPRegen 0.26/turn    j - ring of willpower
MPRegen 0.00/turn

%: infuse magic (-2 HP)
@: flying
A: sickness immunity, fire resistance 2, cold vulnerability 1, float, innate
caster, HP casting, extra vitality 1
a: no special abilities


You were on level 4 of the Dungeon.
You visited 1 branch of the dungeon, and saw 4 of its levels.

You collected 161 gold pieces.
You spent 28 gold pieces at shops.

Inventory:

Missiles
 c - 18 poisoned darts
 g - 30 stones
Armour
 f - a +0 leather armour of fire resistance
 n - a +0 robe of willpower (worn)
Jewellery
 b - a ring of protection from cold (left hand)
 j - a ring of willpower (right hand)
Scrolls
 a - a scroll of identify {unknown}
 e - 3 scrolls of noise
 k - 3 scrolls of teleportation {unknown}
 l - a scroll of vulnerability {unknown}
 m - a scroll of enchant weapon {unknown}
Potions
 d - a potion of enlightenment {unknown}
 h - a potion of curing {unknown}
 i - a potion of invisibility {unknown}


   Skills:
 + Level 2.2 Fighting
 - Level 3.0 Dodging
 - Level 1.5 Stealth
 + Level 4.7 Spellcasting
 + Level 4.7 Conjurations
 + Level 4.7 Hexes
 + Level 4.7 Summonings
 + Level 4.7 Necromancy
 + Level 4.7 Translocations
 + Level 4.7 Fire Magic
 + Level 4.7 Ice Magic
 + Level 4.7 Air Magic
 + Level 4.7 Earth Magic
 + Level 4.7 Alchemy


You knew the following spells:

 Your Spells              Type           Power      Damage    Failure   Level
a - Magic Dart            Conj           96%        1d7       1%          1
b - Searing Ray           Conj           48%        2d6       2%          2
c - Fulminant Prism       Conj/Alch      12%        3d9       16%         4
d - Iskenderun's Mystic   Conj/Tloc      24%        2d7       16%         4
e - Sandblast             Erth           48%        2d12      1%          1
f - Blink                 Tloc           48%        N/A       2%          2
Your spell library was empty.

Dungeon Overview and Level Annotations

Branches:
Dungeon (4/15)
 Temple: D:4-7

Altars:

Shops:
D:2 *


Innate Abilities, Weirdness & Mutations

You are immune to sickness and miasma.
You are immune to poison.
Your flesh is very heat resistant. (rF++)
You are vulnerable to cold. (rC-)
You float through the air rather than walking.
You learn spells naturally, not from books.
Your magical power is your life essence.
You have superior vitality. (+4 MHP)


Message History

You kill the ball python!
The searing ray hits the frilled lizard.
You kill the frilled lizard!
You finish channelling your searing ray.
The frilled lizard hisses angrily.
Unknown command.
Casting: Searing Ray (safe; 2% risk of failure)
Confirm with . or Enter, or press ? or * to list all spells.
You blink.
A ball python comes into view.
The black bear completely misses you. The black bear claws you. x2
There is an open door here.
Casting: Blink (safe; 2% risk of failure)
Confirm with . or Enter, or press ? or * to list all spells.
Aiming: Searing Ray (safe; 2% risk of failure)
Press: ? - help, Shift-Dir - straight line, f - black bear
Aim: a black bear (85% to hit)
The searing ray hits the black bear!
The black bear is heavily wounded. (Press . to maintain the ray.)
You hear the slow rusting of a drain.
You feel ready to blink again. The black bear bites you.
The black bear claws you.
* * * LOW HITPOINT WARNING * * *
The black bear claws you.
* * * LOW HITPOINT WARNING * * *
The searing ray hits the black bear!
The black bear is severely wounded.
The searing ray misses the frilled lizard.
* * * LOW HITPOINT WARNING * * *
The black bear goes berserk!
The searing ray hits the black bear.
The black bear is almost dead.
The searing ray hits the frilled lizard.
You kill the frilled lizard!
* * * LOW HITPOINT WARNING * * *
The black bear closely misses you. The black bear claws you.
* * * LOW HITPOINT WARNING * * *
The black bear claws you.
You die...

## #. #. #.. . #.
..##. #. ....
#####. #.## #.....
#..## ### #.###.
#######...####.#
#)##<.
............@h.#
#.....
####....####.####~#
#.##.. #.#.##
#.~~~~# #.....
#.### #####~#
###### ##.##### ~#
#......# ####
#..###.# #.# #..#
#.# #.# #..###.##
##.## #####


You could see a black bear (berserk).

Vanquished Creatures
  Terence (D:2)
  Robin (D:2)
  A gnoll (D:1)
  2 adders (D:2)
  2 dart slugs
  4 ribbon worms
  4 orcs (D:4)
  7 ball pythons
  4 endoplasms
  2 giant cockroaches
  12 goblins
  7 hobgoblins
  4 jackals (D:2)
  2 quokkas (D:2)
  4 bats
  8 frilled lizards
  4 kobolds
  5 rats
74 creatures vanquished.

Notes
Turn   | Place    | Note
-------+----------+-------------------------------------------
     0 | D:1      | oldmanjim the Djinni Conjurer began the quest for the Orb.
     0 | D:1      | oldmanjim set off with the following spells memorised:
                  | Magic Dart, Searing Ray, Fulminant Prism, Iskenderun's
                  | Mystic Blast.
     0 | D:1      | Reached XP level 1. HP: 15/15 MP: 0/0
   137 | D:1      | Reached XP level 2. HP: 19/21 MP: 0/0
   276 | D:1      | Reached XP level 3. HP: 23/25 MP: 0/0
   276 | D:1      | Learned a level 1 spell: Sandblast
   742 | D:2      | Reached XP level 4. HP: 21/31 MP: 0/0
   844 | D:2      | Noticed Robin
   928 | D:2      | Noticed Terence
   939 | D:2      | Killed Terence
   940 | D:2      | Reached skill level 1 in Fighting
  1161 | D:2      | Reached XP level 5. HP: 32/37 MP: 0/0
  1161 | D:2      | Learned a level 2 spell: Blink
  1201 | D:2      | Killed Robin
  1274 | D:2      | Found Elipsin's General Store.
  1287 | D:2      | Bought a scroll of noise for 14 gold pieces
  1287 | D:2      | Bought a potion of degeneration for 14 gold pieces
  2447 | D:4      | Noticed a black bear
  2467 | D:4      | Slain by a black bear

Illustrated notes

Levels and vault maps discovered:
D:1:      onia_arrival_pyramid, layout_rooms, moated_statue
D:2:      layout_rooms, serial_shops, shop, st_stairs_6, uniq_robin,
          uniq_terence
D:3:      layout_loops_ring, mainiacjoe_overflow_boulevard
D:4:      layout_loops_corners, elyvilon_altar_5, mainiacjoe_overflow_catwalk,
          mainiacjoe_sewer_entry_somewhere_in_here_2, uniq_crazy_yiuf_cottage

Skill      XL: |  1  2  3  4  5 |
---------------+----------------+-----
Dodging        | 3 |  3.0
Spellcasting   | 4 |  4.7
Conjurations   | 4 |  4.7
Hexes          | 4 |  4.7
Summonings     | 4 |  4.7
Necromancy     | 4 |  4.7
Translocations | 4 |  4.7
Fire Magic     | 4 |  4.7
Ice Magic      | 4 |  4.7
Air Magic      | 4 |  4.7
Earth Magic    | 4 |  4.7
Alchemy        | 4 |  4.7
Fighting       | 1 2 |  2.2
Stealth        | |  1.5

Action                     |  1- 3 |  4- 6 || total
---------------------------+-------+-------++-------
   Cast: Magic Dart        |    53 |    70 ||   123
         Searing Ray       |     9 |    14 ||    23
         Blink             |       |     1 ||     1
 Armour: Robe              |     2 |    10 ||    12
         Leather armour    |     2 |     7 ||     9
  Dodge: Dodged            |     5 |     9 ||    14

Table legend: (Time is in decaauts)
 A = Elapsed time spent in this place.
 B = Non-inter-level travel time spent in this place.
 C = Inter-level travel time spent in this place.
 D = Time resting spent in this place.
 E = Time spent auto-exploring this place.
 F = Levels seen in this place.
 G = Mean time per level.
                   A        B        C        D        E       F      G
               +--------+--------+--------+--------+--------+-----+--------+
         Total |   2465 |   2302 |    163 |    100 |   1766 |   4 |  616.2 |
       Dungeon |   2465 |   2302 |    163 |    100 |   1766 |   4 |  616.2 |
               +--------+--------+--------+--------+--------+-----+--------+

Top non-repeatable levels by time:
     D:3: 970 daAuts
     D:2: 891 daAuts
     D:1: 500 daAuts
     D:4: 102 daAuts
